 Dungeon Crawl Stone Soup version 0.25-a0-786-g5b70d41e48 (webtiles) character file.

Game seed: 16625209258368031501, levelgen mode: deterministic

1472 Ireaine the Cleaver (level 8, -14/69 HPs)
             Began as a Naga Fighter on Apr 18, 2020.
             Demolished by an orc warrior
             ... wielding a +0 flail
              (15 damage)
             ... on level 5 of the Dungeon.
             The game lasted 00:24:31 (5835 turns).

Ireaine the Cleaver (Naga Fighter)                  Turns: 5835, Time: 00:24:32

Health: -14/69     AC:  9    Str: 20    XL:     8   Next: 78%
Magic:  8/8        EV:  3    Int: 14    God:
Gold:   70         SH:  9    Dex: 12    Spells: 7/7 levels left

rFire    . . .     SeeInvis +   a - +0 war axe
rCold    + . .     Gourm    .   c - +0 kite shield
rNeg     + . .     Faith    .   x - +1 chain mail {rC+}
rPois    +         Spirit   .   l - +0 helmet
rElec    .         Reflect  .   (no cloak)
rCorr    .         Harm     .   (no gloves)
MR       ++...                  (no barding)
Stlth    ..........             (no amulet)
HPRegen  0.21/turn              h - ring of positive energy
MPRegen  0.11/turn              q - ring "Lufrasoa" {MR+ Int+6}

@: very slow
A: large, see invisible, deformed body, poison resistance, slowness 2, slow
metabolism 1, spit poison 1, AC +2
a: Spit Poison


You were on level 5 of the Dungeon.
You were not hungry.

You visited 1 branch of the dungeon, and saw 6 of its levels.

You collected 238 gold pieces.
You spent 168 gold pieces at shops.

Inventory:

Hand Weapons
 a - a +0 war axe (weapon)
Armour
 c - a +0 kite shield (worn)
 j - a +0 naga barding
 l - a +0 helmet (worn)
 x - a +1 chain mail of cold resistance (worn)
Jewellery
 h - a ring of positive energy (left hand)
 q - the ring "Lufrasoa" (right hand) {MR+ Int+6}
   (You found it on level 4 of the Dungeon)

   [ring of protection from magic]

   It affects your intelligence (+6).
   It affects your resistance to hostile enchantments.
 t - an uncursed ring of protection from cold
Wands
 e - a wand of random effects (34)
 i - a wand of enslavement (6)
 r - a wand of acid (7)
Scrolls
 d - a scroll of identify
 m - 3 scrolls of remove curse
 p - a scroll of blinking
Potions
 b - 4 potions of curing
 f - a potion of brilliance {unknown}
 g - a potion of lignification {unknown}
 k - a potion of berserk rage {unknown}
 n - 2 potions of invisibility
 o - 2 potions of heal wounds
 u - a potion of ambrosia {unknown}
 w - 3 potions of haste
 z - a potion of flight {unknown}
Comestibles
 s - 7 rations


   Skills:
 - Level 3.0 Fighting
 * Level 10.7 Axes
 - Level 2.4 Armour
 - Level 2.4 Shields


You had 7 spell levels left.
You didn't know any spells.
Your spell library was empty.

Dungeon Overview and Level Annotations

Branches:
Dungeon (6/15)
 Temple: D:4-7

Altars:
Kikubaaqudgha
Qazlal
Ru
Vehumet
Xom

Shops:
D:5 *   D:6 *


Innate Abilities, Weirdness & Mutations

You cannot wear boots.
Your serpentine skin is tough. (AC +2)
You have supernaturally acute eyesight. (SInv)
Armour fits poorly on your strangely shaped body.
Your system is resistant to poisons. (rPois)
You cover ground very slowly.
You have a slow metabolism.
You can spit poison.


Message History

The orc wizard hits you but does no damage.
The orc warrior hits you with a +0 flail!!
You block the orc wizard's attack.
Your shield and chain mail prevent you from hitting the orc warrior.
The orc warrior is moderately wounded.
You hit the orc wizard.
The orc warrior hits you with a +0 flail!!
* * * LOW HITPOINT WARNING * * *
The orc wizard hits you but does no damage.
You closely miss the orc warrior.
The orc warrior is moderately wounded.
You barely miss the orc wizard. You block the orc warrior's attack.
The orc wizard hits you but does no damage.
You barely miss the orc warrior.
The orc warrior is moderately wounded.
Your shield and chain mail prevent you from hitting the orc wizard.
The orc wizard hits you with a +0 dagger.
* * * LOW HITPOINT WARNING * * *
The orc warrior hits you with a +0 flail!
You die...

### #..........# ..# #..........#
#.# #..........# #.# #......#####
#.# #......# #.###...[[.#########
#...'..............#
#####..............##############
#..........o@................
#####...........o..#######.####..
...........#####'#########.###..#
...........# ##.................
...........# #.........##.#..#.#
######'########.##...(..##.......
#.#####.......(....##..#.#.#
######.....'.......(((..#........
........####...........(#(#.#.#.#


You could see an orc warrior and an orc wizard (invisible).

Vanquished Creatures
  Prince Ribbit (D:5)
  Eustachio (D:5)
  Duvessa (D:5)
  A phantom (D:4)
  3 ogres
  A bullfrog (D:3)
  Dowan (D:5)
  2 scorpions
  2 crimson imps (D:5)
  An orc priest (D:4)
  A bullfrog skeleton (D:4)
  3 hounds (D:5)
  4 worker ants
  A killer bee zombie (D:5)
  A worker ant zombie (D:5)
  4 adders
  An ooze (D:1)
  2 worms
  A dart slug (D:1)
  2 leopard geckos (D:2)
  8 orcs
  3 ball pythons
  A bat zombie (D:2)
  5 giant cockroaches
  11 goblins
  10 hobgoblins
  9 jackals
  2 quokkas
  4 bats
  2 frilled lizards
  8 kobolds
  14 rats
  A rat zombie (D:2)
112 creatures vanquished.

Vanquished Creatures (others)
  An orc warrior (D:4)
  A hound (D:4)
  An orc priest (D:4)
  4 orcs (D:3)
  A jackal (D:3)
8 creatures vanquished.

Grand Total: 120 creatures vanquished

Notes
Turn   | Place    | Note
-------+----------+-------------------------------------------
     0 | D:1      | Ireaine the Naga Fighter began the quest for the Orb.
     0 | D:1      | Reached XP level 1. HP: 21/21 MP: 1/1
   143 | D:1      | Reached XP level 2. HP: 21/28 MP: 2/2
   357 | D:1      | Reached skill level 3 in Axes
   493 | D:1      | Reached XP level 3. HP: 31/34 MP: 3/3
  1365 | D:2      | Found an ancient bone altar of Kikubaaqudgha.
  1528 | D:2      | Reached skill level 4 in Axes
  1751 | D:2      | Reached XP level 4. HP: 40/42 MP: 4/4
  1943 | D:2      | Found a stormy altar of Qazlal.
  2404 | D:3      | Noticed a bullfrog
  2408 | D:3      | Killed a bullfrog
  2408 | D:3      | Reached skill level 5 in Axes
  2408 | D:3      | Reached XP level 5. HP: 49/49 MP: 5/5
  2545 | D:3      | Found a radiant altar of Vehumet.
  2723 | D:3      | Found a sacrificial altar of Ru.
  3117 | D:4      | Noticed an ogre
  3141 | D:3      | Killed an ogre
  3141 | D:3      | Reached skill level 6 in Axes
  3141 | D:3      | Reached XP level 6. HP: 32/56 MP: 6/6
  3566 | D:4      | Noticed a phantom
  3606 | D:4      | Killed a phantom
  3606 | D:4      | Reached skill level 7 in Axes
  3606 | D:4      | Reached XP level 7. HP: 45/62 MP: 7/7
  3643 | D:4      | Got a pitted iron ring
  3645 | D:4      | Identified the ring "Lufrasoa" {MR+ Int+6} (You found it on
                  | level 4 of the Dungeon)
  3667 | D:5      | Entered Level 5 of the Dungeon
  3765 | D:4      | Found a shimmering altar of Xom.
  3821 | D:4      | Reached skill level 8 in Axes
  4406 | D:5      | Noticed Dowan
  4406 | D:5      | Noticed Duvessa
  4421 | D:5      | Reached skill level 9 in Axes
  4422 | D:5      | Killed Duvessa
  4422 | D:5      | Reached XP level 8. HP: 27/69 MP: 8/8
  4426 | D:5      | Killed Dowan
  4959 | D:5      | Noticed Eustachio
  5010 | D:5      | Killed Eustachio
  5010 | D:5      | Reached skill level 10 in Axes
  5286 | D:5      | Found Tyodd's General Store.
  5291 | D:5      | Bought a scroll of identify for 28 gold pieces
  5291 | D:5      | Bought a ration for 70 gold pieces
  5291 | D:5      | Bought a ration for 70 gold pieces
  5295 | D:5      | Noticed Prince Ribbit
  5315 | D:5      | Killed Prince Ribbit
  5814 | D:6      | Found Urrequdgh's Assorted Antiques.
  5833 | D:5      | HP: 3/69 [orc warrior/+0 flail (20)]
  5835 | D:5      | HP: 1/69 [orc wizard/+0 dagger (2)]
  5835 | D:5      | Demolished by an orc warrior

Levels and vault maps discovered:
D:1:      kennysheep_arrival_seaside, layout_basic, serial_forest,
          infiniplex_forest_zigzag_2, infiniplex_forest_lined_4_way,
          infiniplex_forest_straight_2, infiniplex_forest_clump_large,
          infiniplex_forest_lined_3, infiniplex_forest_end_1
D:2:      layout_basic, lemuel_zombie_altar_kikubaaqudgha,
          nicolae_qazlal_eye_of_the_storm
D:3:      layout_loops_ring, marbit_many_paths, fiery_altar_vehumet
D:4:      layout_rooms, first_ration, xom_confusion_cloud
D:5:      layout_basic, serial_shops, nicolae_shop_stone,
          hangedman_decor_riveting, uniq_prince_ribbit1, uniq_eustachio,
          uniq_duvessa
D:6:      layout_basic, minmay_temple_entry_gardened_gates, serial_shops,
          nicolae_shop_overgrown_old_shop, serial_corexii_hall,
          corexii_hall_statues_t, corexii_hall_statues_l, minmay_misc_feat_rows,
          minmay_alternating_orb, uniq_pikel, uniq_menkaure, uniq_sigmund

Skill      XL: |  1  2  3  4  5  6  7  8 |
---------------+-------------------------+-----
Axes           | 3 4 5 6 7 9 10 | 10.7
Fighting       | |  3.0
Armour         | |  2.4
Shields        | |  2.4

Action                   |  1- 3 |  4- 6 |  7- 9 || total
-------------------------+-------+-------+-------++-------
Melee: War axe           |   138 |   129 |   197 ||   464
 Abil: Spit Poison       |     9 |     1 |     9 ||    19
  Use: Scroll            |       |     6 |     5 ||    11
       Potion            |       |       |     1 ||     1
  Eat: Ration            |     1 |     1 |     2 ||     4
       Chunk             |       |     2 |       ||     2
Armor: Scale mail        |    52 |    39 |       ||    91
       Chain mail        |       |    26 |   127 ||   153
Dodge: Dodged            |    31 |    28 |    32 ||    91
Block: Kite shield       |    69 |    61 |    97 ||   227

Table legend:
 A = Non-vault XP
 B = Vault XP
 C = Vault XP percentage of total XP
 D = Non-vault monster count
 E = Vault monster count
 F = Vault count percentage of total count
                 A         B        C        D         E       F
            +---------+---------+-------+---------+---------+-------
      Total |    1257 |     847 |  40.3 |     101 |      12 |  10.6
            +---------+---------+-------+---------+---------+-------
        D:1 |      58 |       0 |   0.0 |      31 |       0 |   0.0
        D:2 |      49 |       3 |   5.8 |      25 |       2 |   7.4
        D:3 |     310 |       2 |   0.6 |      17 |       1 |   5.6
        D:4 |     315 |     144 |  31.4 |       7 |       5 |  41.7
        D:5 |     525 |     698 |  57.1 |      21 |       4 |  16.0
            +---------+---------+-------+---------+---------+-------
